 Dungeon Crawl Stone Soup version 0.28.0-53-g5a82cb258f (webtiles) character file.

Game seed: 14695244944177554927

58 mcbry74 the Stinger (level 4, -1/27 HPs)
             Began as an Octopode Venom Mage on June 30, 2022.
             Succumbed to a scorpion's poison
             ... on level 3 of the Dungeon.
             The game lasted 00:09:46 (2576 turns).

mcbry74 the Stinger (Octopode Venom Mage)           Turns: 2576, Time: 00:09:46

Health: -1/27      AC:  1    Str:  7    XL:     4   Next: 2%
Magic:  6/7        EV: 13    Int: 19    God:
Gold:   123        SH:  0    Dex: 12    Spells: 7/8 levels left

rFire   . . .      SeeInvis .   q - +3 dagger (venom)
rCold   . . .      Faith    .   (no shield)
rNeg    . . .      Spirit   .   (helmet restricted)
rPois   .          Reflect  .   (no amulet)
rElec   .          Harm     .   (no ring)
rCorr   .          Rampage  .   (no ring)
Will    .....                   (no ring)
Stlth   +++.......              (no ring)
HPRegen 0.09/turn               (no ring)
MPRegen 0.10/turn               (no ring)
                                (no ring)
                                (no ring)

@: lethally poisoned (-1 -> -22)
A: almost no armour, amphibious, 8 rings, camouflage 1, gelatinous body 1,
(nimble swimmer 1), tentacles
a: no special abilities


You were on level 3 of the Dungeon.
You visited 1 branch of the dungeon, and saw 3 of its levels.

You collected 123 gold pieces.

Inventory:

Hand Weapons
 a - a +0 club
 b - a +0 dagger
 q - a +3 dagger of venom (weapon)
 t - a +4 vampiric rapier
Missiles
 h - 80 stones
 l - 3 poisoned darts
 m - 41 sling bullets
 r - 5 javelins
Scrolls
 e - 4 scrolls of brand weapon {unknown}
 g - a scroll of fear {unknown}
 i - 2 scrolls of identify {unknown}
 k - a scroll of summoning {unknown}
 n - a scroll of acquirement {unknown}
 o - a scroll of enchant armour {unknown}
 p - a scroll of enchant weapon {unknown}
 s - a scroll of fog {unknown}
Potions
 c - 2 potions of ambrosia {unknown}
 d - a potion of flight {unknown}
 f - 3 potions of curing {unknown}
 j - a potion of degeneration {unknown}


   Skills:
 + Level 0.1 Short Blades
 - Level 2.0 Dodging
 + Level 3.9 Stealth
 + Level 2.6 Spellcasting
 - Level 1.0 Transmutations
 * Level 4.6 Poison Magic


You had 7 spell levels left.
You knew the following spells:

 Your Spells              Type           Power      Damage    Failure   Level
a - Sting                 Tmut/Pois      52%        1d5       4%          1

Your spell library contained the following spells:

 Spells                   Type           Power      Damage    Failure   Level
 Poisonous Vapours        Pois/Air       22%        N/A       10%         2
 Olgreb's Toxic Radiance  Pois           20%        N/A       24%         4
 Mephitic Cloud           Conj/Pois/Air  8%         N/A       26%         3


Dungeon Overview and Level Annotations

Branches:
Dungeon (3/15)

Altars:


Innate Abilities, Weirdness & Mutations

You cannot wear most types of armour.
You are amphibious.
You can wear up to eight rings at the same time.
Your skin changes colour to match your surroundings (Stealth+).
Your rubbery body absorbs attacks. (AC +1, EV +1)
((You are camouflaged when in or above water. (Stealth+)))
You have tentacles for arms and can constrict up to eight enemies at once.


Message History

A giant cockroach is nearby!
You hit the giant cockroach but do no damage.
The giant cockroach is poisoned.
You grab the giant cockroach. You constrict the giant cockroach.
You kill the giant cockroach!
You start resting.
An ogre comes into view. It is wielding a +0 giant club.
You start resting.
A goblin comes into view. It is wielding a +0 club.
You start resting.
A scorpion comes into view.
An endoplasm comes into view.
Casting: Sting (safe; 4% risk of failure)
Confirm with . or Enter, or press ? or * to list all spells.
Aiming: Sting (safe; 4% risk of failure)
Press: ? - help, Shift-Dir - straight line, f - scorpion
Aim: a scorpion (wandering, hasn't noticed you, 71% to hit)
The sting hits the scorpion but does no damage.
The scorpion is poisoned.
The endoplasm quivers.
You hit the scorpion but do no damage. Your grab misses the scorpion.
The scorpion is moderately wounded.
The scorpion barely misses you.
You barely miss the scorpion. You grab the scorpion.
The scorpion is moderately wounded.
You constrict the scorpion. The scorpion stings you!
You are poisoned.
The scorpion poisons you!
The scorpion stings you but does no damage.
You hit the scorpion but do no damage.
The scorpion looks even sicker.
You tentacle-slap the scorpion, but do no damage.
You squeeze the scorpion.
The scorpion is heavily wounded.
You constrict the scorpion, but do no damage.
You feel sick. The scorpion stings you!
* * * LOW HITPOINT WARNING * * *
You are more poisoned.
The scorpion poisons you!
You release your grip on the scorpion.
You die...

...###. .##........
.....##...........
#.†.)).......... #.#
#...[..... #J#
#...........
#.######.###.#....# .#
#......s[.#..#....###[#
#######........# .....#
##.@.......### ...#
#..#..>..#...####.##
#..#.....###........
##........######.##.
##.......## ##.....
#.........# #..####
#######.#.†...#......#
#.......#.......####...
########.#######..######
#####


You could see a scorpion (very poisoned) and an endoplasm.

Vanquished Creatures
  An adder (D:2)
  A worm (D:2)
  A dart slug (D:2)
  4 endoplasms
  3 giant cockroaches
  6 goblins
  2 hobgoblins
  6 kobolds
  3 quokkas (D:1)
  2 ball pythons
  5 bats (D:1)
  4 frilled lizards
  2 rats
40 creatures vanquished.

Notes
Turn   | Place    | Note
-------+----------+-------------------------------------------
     0 | D:1      | mcbry74 the Octopode Venom Mage began the quest for the
                  | Orb.
     0 | D:1      | Reached XP level 1. HP: 11/11 MP: 3/3
   140 | D:1      | Reached XP level 2. HP: 17/17 MP: 5/5
   226 | D:1      | Found a faded altar of an unknown god.
   640 | D:1      | Reached skill level 4 in Poison Magic
  1124 | D:1      | You fall into a shaft and drop 1 floor!
  1143 | D:2      | Reached XP level 3. HP: 21/21 MP: 6/6
  2494 | D:3      | Reached XP level 4. HP: 14/27 MP: 4/7
  2535 | D:3      | Noticed an ogre
  2565 | D:3      | Noticed a scorpion
  2576 | D:3      | Succumbed to a scorpion's poison

Illustrated notes

Levels and vault maps discovered:
D:1:      amcnicky_arrival_flooded_fountain, layout_basic,
          ebering_ecumenical_altar_petrified, chequers_hall_statues_y,
          minivault_11
D:2:      layout_loops_ring, patterned_corridor
D:3:      layout_rooms

Skill      XL: |  1  2 |
---------------+-------+-----
Stealth        | 3 |  3.9
Poison Magic   | 4 |  4.6
Short Blades   | |  0.1
Dodging        | |  2.0
Spellcasting   | |  2.6
Transmutations | |  1.0

Action                   |  1- 3 |  4- 6 || total
-------------------------+-------+-------++-------
Melee: Club              |     4 |       ||     4
       Tentacles         |    11 |     1 ||    12
       Dagger            |    57 |     4 ||    61
       Constrict         |    15 |     2 ||    17
       Unarmed           |     1 |       ||     1
       Punch             |       |     1 ||     1
 Cast: Sting             |    13 |     1 ||    14
 Stab: Sleeping          |    18 |       ||    18
Armor: Skin              |     7 |     1 ||     8
Dodge: Dodged            |    40 |     1 ||    41
